[Event "27th OIBM 2024"]
[Site "Gmund am Tegernsee"]
[Date "2024.10.27"]
[Round "2.25"]
[White "Ernst, Robert"]
[Black "Atoyan, Alberto"]
[Result "1/2-1/2"]
[ECO "D35"]
[WhiteElo "2319"]
[BlackElo "2133"]
[Annotator "RC"]
[PlyCount "61"]
[EventDate "2024.09.16"]
[EventType "swiss"]
[EventCountry "GER"]
[SourceTitle "playchess.com"]
[Source "ChessBase"]
[SourceQuality "1"]
[TimeControl "40/5400+30:1800+30"]

1. d4 Nf6 2. c4 e6 3. Nc3 d5 4. cxd5 Nxd5 5. e4 Nxc3 6. bxc3 c5 7. Rb1 Be7 8. Nf3 O-O 9. h4 b6 10. h5 Bb7 11. h6 g6 12. Bd3 cxd4 13. cxd4 Nc6 14. Be2 Na5 15. Qd3 f5 16. exf5 exf5 17. Qe3 Bf6 18. O-O Qd5 19. Rb5 Qe4 20. Qxe4 fxe4 21. Ne5 Rfd8 22. Be3 Ba6 23. Rb2 Bxe5 24. dxe5 Bd3 25. Rc1 Rac8 26. Rxc8 Rxc8 27. Bd1 Nc4 28. Bb3 Kf8 29. Bxc4 Rxc4 30. Rb5 Rc1+ 31. Bxc1 1/2-1/2

[Event "27th OIBM 2024"]
[Site "Gmund am Tegernsee"]
[Date "2024.10.27"]
[Round "2.26"]
[White "Malinowsky, Levi"]
[Black "Goh, Zi Han"]
[Result "1-0"]
[ECO "B90"]
[WhiteElo "2117"]
[BlackElo "2319"]
[Annotator "RC"]
[PlyCount "135"]
[EventDate "2024.09.16"]
[EventType "swiss"]
[EventCountry "GER"]
[SourceTitle "playchess.com"]
[Source "ChessBase"]
[SourceQuality "1"]
[TimeControl "40/5400+30:1800+30"]

1. e4 c5 2. Nf3 d6 3. d4 cxd4 4. Nxd4 Nf6 5. Nc3 a6 6. a3 e5 7. Nf5 d5 8. Bg5 d4 9. Bxf6 Qxf6 10. Nd5 Qd8 11. Qg4 g6 12. Qg3 Bd6 13. Nxd6+ Qxd6 14. O-O-O Nc6 15. Bc4 Be6 16. Nf6+ Kf8 17. Bxe6 Qxe6 18. Nd5 Rc8 19. f4 exf4 20. Qxf4 Kg7 21. Rhf1 f5 22. Qg5 Qxe4 23. Qf6+ Kg8 24. Qd6 Qh4 25. Qe6+ Kg7 26. Qd7+ Kh6 27. Qxb7 Qe4 28. Qb3 Na5 29. Qh3+ Kg7 30. Nb4 Nc4 31. Qd3 a5 32. Qxe4 fxe4 33. Nd5 Rhd8 34. Rxd4 Ne3 35. Nxe3 Rxd4 36. b3 Rf8 37. Rd1 Rxd1+ 38. Kxd1 Rd8+ 39. Ke2 Kf6 40. a4 Ke5 41. Nc4+ Kd4 42. Kd2 Rf8 43. c3+ Kd5 44. Ke2 g5 45. Nxa5 h5 46. Nc4 g4 47. Ne3+ Kc6 48. b4 Ra8 49. a5 Kb5 50. Nd5 Rc8 51. Ke3 Rc4 52. Kd2 Rc6 53. Kc2 h4 54. Kb3 Rd6 55. c4+ Ka6 56. Kc3 Rd8 57. Kd4 Rf8 58. c5 Kb5 59. a6 Kxa6 60. c6 h3 61. gxh3 gxh3 62. Kc5 Rf2 63. b5+ Ka7 64. b6+ Kb8 65. c7+ Kb7 66. Ne7 Rc2+ 67. Kd4 Rd2+ 68. Kc3 1-0

[Event "27th OIBM 2024"]
[Site "Gmund am Tegernsee"]
[Date "2024.10.27"]
[Round "2.27"]
[White "Shen, Tingrui"]
[Black "Kozlovic, Jernej"]
[Result "0-1"]
[ECO "D32"]
[WhiteElo "2112"]
[BlackElo "2313"]
[Annotator "RC"]
[PlyCount "78"]
[EventDate "2024.09.16"]
[EventType "swiss"]
[EventCountry "GER"]
[SourceTitle "playchess.com"]
[Source "ChessBase"]
[SourceQuality "1"]
[TimeControl "40/5400+30:1800+30"]

1. Nf3 d5 2. d4 c5 3. c4 e6 4. cxd5 exd5 5. Nc3 Nf6 6. Bg5 Be6 7. e3 c4 8. Be2 Nbd7 9. O-O Bb4 10. Ne5 O-O 11. Nxd7 Qxd7 12. Bxf6 gxf6 13. Qc1 b5 14. Rd1 Bf5 15. e4 Bxc3 16. exf5 Ba5 17. Bg4 Kh8 18. Qh6 Qd6 19. g3 Rae8 20. Bh5 Kg8 21. Bf3 Re7 22. Bxd5 Re2 23. Qh5 Rxb2 24. Qg4+ Kh8 25. Qh4 c3 26. Bb3 c2 27. Rdc1 Bc3 28. Qe4 Qxd4 29. Qe7 Kg7 30. Bxc2 Rxc2 31. Rxc2 Bxa1 32. Re2 Qd5 33. Re4 Qxf5 34. Rf4 Qe6 35. Qb4 Rd8 36. Kg2 Rd5 37. Rh4 Qc6 38. Kh3 Qd7+ 39. Kg2 Rd4 0-1

[Event "27th OIBM 2024"]
[Site "Gmund am Tegernsee"]
[Date "2024.10.27"]
[Round "2.28"]
[White "Hrebenshchykova, Yelyzaveta"]
[Black "Faika, Michael"]
[Result "1-0"]
[ECO "A07"]
[WhiteElo "2311"]
[BlackElo "2130"]
[Annotator "RC"]
[PlyCount "71"]
[EventDate "2024.09.16"]
[EventType "swiss"]
[EventCountry "GER"]
[SourceTitle "playchess.com"]
[Source "ChessBase"]
[SourceQuality "1"]
[TimeControl "40/5400+30:1800+30"]

1. Nf3 d5 2. g3 h5 3. Bg2 h4 4. Nxh4 e5 5. d3 Bc5 6. e3 Qe7 7. Nc3 c6 8. e4 d4 9. Ne2 g5 10. Nf3 f6 11. h4 g4 12. Nd2 Be6 13. c3 Na6 14. cxd4 exd4 15. a3 O-O-O 16. b4 Bb6 17. O-O Qf7 18. Nf4 Nc7 19. a4 Ne8 20. Nxe6 Qxe6 21. Nc4 Bc7 22. b5 c5 23. a5 Bb8 24. Qb3 Kd7 25. e5 fxe5 26. Bd5 Qe7 27. Re1 Ngf6 28. Bxb7 Ng7 29. Bf4 Rh5 30. Bc6+ Kc8 31. b6 Rdh8 32. bxa7 Qxa7 33. Nxe5 Bd6 34. a6 Rf8 35. Bb7+ Kc7 36. Nc6 1-0

[Event "27th OIBM 2024"]
[Site "Gmund am Tegernsee"]
[Date "2024.10.27"]
[Round "2.29"]
[White "Gut, Raphael"]
[Black "Wong, Gengchun"]
[Result "1/2-1/2"]
[ECO "D85"]
[WhiteElo "2053"]
[BlackElo "2295"]
[Annotator "RC"]
[PlyCount "77"]
[EventDate "2024.09.16"]
[EventType "swiss"]
[EventCountry "GER"]
[SourceTitle "playchess.com"]
[Source "ChessBase"]
[SourceQuality "1"]
[TimeControl "40/5400+30:1800+30"]

1. d4 Nf6 2. c4 g6 3. Nc3 d5 4. cxd5 Nxd5 5. e4 Nxc3 6. bxc3 Bg7 7. Nf3 O-O 8. Be3 c5 9. Rc1 cxd4 10. cxd4 Bg4 11. Be2 Qa5+ 12. Qd2 Qxd2+ 13. Nxd2 Bxe2 14. Kxe2 e6 15. Rc7 Nc6 16. Nb3 Rfd8 17. Rd1 Rab8 18. h4 h6 19. f4 Bf8 20. Nc5 Na5 21. h5 gxh5 22. Nd7 Bd6 23. Nf6+ Kf8 24. Rc2 Rbc8 25. Rdc1 Rxc2+ 26. Rxc2 Kg7 27. Nxh5+ Kg6 28. g4 f5 29. gxf5+ exf5 30. exf5+ Kxf5 31. Kf3 Nc6 32. Ng3+ Kg6 33. Rh2 Bf8 34. f5+ Kf7 35. Ne2 Bg7 36. Rh4 b5 37. f6 Bxf6 38. Rxh6 Nxd4+ 39. Ke4 1/2-1/2

[Event "27th OIBM 2024"]
[Site "Gmund am Tegernsee"]
[Date "2024.10.27"]
[Round "2.30"]
[White "Priyanka Nutakki"]
[Black "Tonndorf, Matthias"]
[Result "1-0"]
[ECO "D10"]
[WhiteElo "2289"]
[BlackElo "2129"]
[Annotator "RC"]
[PlyCount "81"]
[EventDate "2024.09.16"]
[EventType "swiss"]
[EventCountry "GER"]
[SourceTitle "playchess.com"]
[Source "ChessBase"]
[SourceQuality "1"]
[TimeControl "40/5400+30:1800+30"]

1. d4 Nf6 2. Bf4 d5 3. e3 Bf5 4. c4 c6 5. cxd5 Nxd5 6. Bxb8 Rxb8 7. Nd2 Bg6 8. a3 e6 9. Ngf3 Be7 10. Be2 O-O 11. O-O c5 12. dxc5 Bxc5 13. Rc1 Qe7 14. b4 Bxe3 15. fxe3 Nxe3 16. Qa4 Nxf1 17. Bxf1 a6 18. Qa5 Rbc8 19. Rc4 Rxc4 20. Bxc4 Rc8 21. Qb6 Qc7 22. Qxc7 Rxc7 23. a4 Bc2 24. a5 Kf8 25. Kf2 Ke7 26. Ke3 Ba4 27. g3 f6 28. Nd4 Bd7 29. N4b3 f5 30. Nc5 Kf6 31. Bb3 g5 32. Nc4 e5 33. Nb6 f4+ 34. Kf2 Bc6 35. Nd5+ Bxd5 36. Bxd5 h5 37. Bxb7 g4 38. Bxa6 h4 39. Bb7 hxg3+ 40. hxg3 Rh7 41. Kg1 1-0

[Event "27th OIBM 2024"]
[Site "Gmund am Tegernsee"]
[Date "2024.10.27"]
[Round "2.31"]
[White "Billio, Atto"]
[Black "Schuster, Karsten"]
[Result "1/2-1/2"]
[ECO "D78"]
[WhiteElo "2040"]
[BlackElo "2283"]
[Annotator "RC"]
[PlyCount "58"]
[EventDate "2024.09.16"]
[EventType "swiss"]
[EventCountry "GER"]
[SourceTitle "playchess.com"]
[Source "ChessBase"]
[SourceQuality "1"]
[TimeControl "40/5400+30:1800+30"]

1. c4 c6 2. g3 d5 3. Nf3 Nf6 4. Bg2 g6 5. b3 Bg7 6. Bb2 O-O 7. O-O Bg4 8. d4 Nbd7 9. cxd5 Bxf3 10. Bxf3 cxd5 11. Nc3 e6 12. Qd2 a6 13. Rfd1 b5 14. Rac1 Rc8 15. Ba3 Re8 16. Nb1 Qb6 17. Bb4 Bf8 18. Na3 Nb8 19. e3 Rc6 20. Rxc6 Nxc6 21. Bxf8 Rxf8 22. Rc1 Rc8 23. Nc2 Qa5 24. Qxa5 Nxa5 25. Kf1 Nb7 26. Ke1 Nd6 27. Kd1 Nfe4 28. Bxe4 Nxe4 29. f3 Nd6 1/2-1/2

[Event "27th OIBM 2024"]
[Site "Gmund am Tegernsee"]
[Date "2024.10.27"]
[Round "2.32"]
[White "Bohnhoff, Peter"]
[Black "Giemsa, Stephan"]
[Result "1/2-1/2"]
[ECO "D32"]
[WhiteElo "2031"]
[BlackElo "2275"]
[Annotator "RC"]
[PlyCount "38"]
[EventDate "2024.09.16"]
[EventType "swiss"]
[EventCountry "GER"]
[SourceTitle "playchess.com"]
[Source "ChessBase"]
[SourceQuality "1"]
[TimeControl "40/5400+30:1800+30"]

1. Nf3 d5 2. e3 Nf6 3. c4 e6 4. Nc3 c5 5. cxd5 exd5 6. d4 Nc6 7. Bb5 cxd4 8. Nxd4 Bd7 9. O-O Bd6 10. b3 O-O 11. Bb2 Qe7 12. Nf3 Be6 13. Ne2 Rac8 14. Ned4 Bg4 15. Be2 Nxd4 16. Bxd4 Ne4 17. Bb2 Nc3 18. Bxc3 Rxc3 19. Qd4 Bxf3 1/2-1/2

[Event "27th OIBM 2024"]
[Site "Gmund am Tegernsee"]
[Date "2024.10.27"]
[Round "2.33"]
[White "Mitev, Valentin"]
[Black "de Francesco, Klaus"]
[Result "1-0"]
[ECO "E14"]
[WhiteElo "2274"]
[BlackElo "2126"]
[Annotator "RC"]
[PlyCount "113"]
[EventDate "2024.09.16"]
[EventType "swiss"]
[EventCountry "GER"]
[SourceTitle "playchess.com"]
[Source "ChessBase"]
[SourceQuality "1"]
[TimeControl "40/5400+30:1800+30"]

1. d4 e6 2. Nf3 Nf6 3. e3 c5 4. Bd3 b6 5. O-O Bb7 6. c4 Be7 7. Nc3 d6 8. d5 exd5 9. cxd5 a6 10. e4 b5 11. a4 c4 12. Be2 b4 13. Na2 Nxe4 14. Qd4 Nf6 15. Bxc4 a5 16. Nh4 O-O 17. Nf5 Bc8 18. Nxe7+ Qxe7 19. Bf4 Nh5 20. Rfe1 Qd8 21. Bd2 Nd7 22. Nc1 Nb6 23. Bb3 Ba6 24. Be3 Nd7 25. g4 Nhf6 26. g5 Ne5 27. Bd1 Nfd7 28. h4 Rc8 29. f4 Nc4 30. Bf2 Bb7 31. Nb3 Ndb6 32. Bf3 Qd7 33. Nxa5 Nxa5 34. Qxb6 Nb3 35. Rad1 Rc2 36. Qxb4 Nc5 37. Rd2 Rxd2 38. Qxd2 Qxa4 39. Kg2 Ba6 40. Bxc5 dxc5 41. d6 Bc8 42. Re7 Bd7 43. b3 Qb5 44. Qe2 c4 45. bxc4 Qf5 46. Qf2 Qh3+ 47. Kg1 Rb8 48. Bg2 Qg4 49. Kh2 Rb3 50. Re3 Rxe3 51. Qxe3 Qxh4+ 52. Kg1 Qg4 53. Qf3 Qe6 54. Qa8+ Be8 55. Kf2 Qd7 56. Bh3 f5 57. Bxf5 1-0

[Event "27th OIBM 2024"]
[Site "Gmund am Tegernsee"]
[Date "2024.10.27"]
[Round "2.34"]
[White "Guth, Thomas"]
[Black "Tillmann, Markus"]
[Result "1-0"]
[ECO "C54"]
[WhiteElo "2261"]
[BlackElo "2120"]
[Annotator "RC"]
[PlyCount "107"]
[EventDate "2024.09.16"]
[EventType "swiss"]
[EventCountry "GER"]
[SourceTitle "playchess.com"]
[Source "ChessBase"]
[SourceQuality "1"]
[TimeControl "40/5400+30:1800+30"]

1. e4 e5 2. Nf3 Nc6 3. Bc4 Bc5 4. O-O Nf6 5. d3 d6 6. c3 Bg4 7. h3 Bh5 8. Nbd2 a6 9. b4 Ba7 10. Bb3 O-O 11. Re1 Re8 12. Nf1 h6 13. Ng3 Bg6 14. Nh2 d5 15. Qf3 dxe4 16. dxe4 Nh7 17. Qg4 Qf6 18. Rf1 Nf8 19. Nf3 Ne6 20. Nh4 Rad8 21. Be3 Kh7 22. Bd5 Bb6 23. Rad1 Rd6 24. Nhf5 Rdd8 25. h4 Nf4 26. Bxf4 exf4 27. Qxf4 Qxc3 28. h5 Bxf5 29. Qxf5+ Kh8 30. Ne2 Qxb4 31. Nf4 Ne5 32. Bxf7 Nxf7 33. Qxf7 Qxe4 34. Rxd8 Rxd8 35. Ne6 Rg8 36. Rd1 Qe2 37. Rf1 Qxa2 38. Qf5 Qa5 39. Qg6 Qe5 40. Qg4 Qf6 41. Nf4 Kh7 42. Ng6 Re8 43. g3 Re1 44. Nf4 Qe5 45. Qg6+ Kg8 46. Qc2 Rxf1+ 47. Kxf1 Qc5 48. Qb3+ Kh8 49. Ng6+ Kh7 50. Qf7 Qb5+ 51. Kg2 Qc6+ 52. Kg1 Bc5 53. Qf5 Qd6 54. Ne7+ 1-0

[Event "27th OIBM 2024"]
[Site "Gmund am Tegernsee"]
[Date "2024.10.27"]
[Round "2.35"]
[White "Morchiashvili, Bachana"]
[Black "Jetzl, Julian"]
[Result "1-0"]
[ECO "D80"]
[WhiteElo "2257"]
[BlackElo "2118"]
[Annotator "RC"]
[PlyCount "95"]
[EventDate "2024.09.16"]
[EventType "swiss"]
[EventCountry "GER"]
[SourceTitle "playchess.com"]
[Source "ChessBase"]
[SourceQuality "1"]
[TimeControl "40/5400+30:1800+30"]

1. d4 Nf6 2. c4 g6 3. Nc3 d5 4. Bg5 Bg7 5. Bxf6 Bxf6 6. cxd5 c6 7. Rc1 O-O 8. dxc6 Qxd4 9. Qxd4 Bxd4 10. cxb7 Bxb7 11. Nf3 Bf6 12. e3 Rc8 13. Be2 Ba6 14. Nd4 Bb7 15. O-O Nc6 16. Bf3 Rab8 17. Bxc6 Bxc6 18. b3 Bxd4 19. exd4 e6 20. Rfd1 a5 21. f3 a4 22. Nxa4 Bxa4 23. Rxc8+ Rxc8 24. bxa4 Rc2 25. d5 exd5 26. Rxd5 Rxa2 27. Ra5 Kf8 28. h4 h5 29. Kh2 Ke7 30. Kg3 Kf6 31. Ra6+ Kf5 32. Ra7 Ke6 33. a5 f6 34. a6 Kf5 35. Ra8 Ke5 36. a7 Kf5 37. Kh2 Ra1 38. g3 Ra2+ 39. Kg1 Ra1+ 40. Kf2 Ra3 41. Ke2 Ra2+ 42. Kd3 Ra4 43. Kc3 Ra1 44. Kc4 Rc1+ 45. Kd5 Rd1+ 46. Kc5 Ra1 47. Kd6 Ra3 48. Rc8 1-0

[Event "27th OIBM 2024"]
[Site "Gmund am Tegernsee"]
[Date "2024.10.27"]
[Round "2.36"]
[White "Weber, Samuel"]
[Black "Wohlfart, Paulus"]
[Result "1-0"]
[ECO "B27"]
[WhiteElo "2256"]
[BlackElo "2116"]
[Annotator "RC"]
[PlyCount "95"]
[EventDate "2024.09.16"]
[EventType "swiss"]
[EventCountry "GER"]
[SourceTitle "playchess.com"]
[Source "ChessBase"]
[SourceQuality "1"]
[TimeControl "40/5400+30:1800+30"]

1. e4 c5 2. Nf3 g6 3. d4 cxd4 4. Qxd4 Nf6 5. Qa4 Nc6 6. Nc3 d6 7. e5 dxe5 8. Nxe5 Bd7 9. Nxd7 Nxd7 10. Be3 Bg7 11. O-O-O O-O 12. h4 Qc8 13. h5 Nf6 14. hxg6 hxg6 15. Be2 Rd8 16. Qh4 Rxd1+ 17. Bxd1 Qe6 18. Bh6 Bh8 19. Bf3 Rd8 20. Bf8 Kxf8 21. Qxh8+ Ng8 22. Qh2 Qd6 23. Qh4 Qf6 24. Qxf6 Nxf6 25. Bxc6 bxc6 26. Rh8+ Ng8 27. Rh4 Nf6 28. Rc4 Rd6 29. Ne2 e5 30. Ra4 Rd7 31. Ra6 Rc7 32. Kd2 Nd5 33. Ra4 Ke7 34. Re4 Kd6 35. Nc1 Re7 36. c4 Nf4 37. g3 f5 38. Re1 Ne6 39. Rh1 e4 40. Rh6 Rg7 41. Ke3 Ke5 42. f3 exf3 43. Nd3+ Kf6 44. Kxf3 Ng5+ 45. Kf2 Ne6 46. b3 Ng5 47. Rxg6+ Kf7 48. Rxc6 1-0

[Event "27th OIBM 2024"]
[Site "Gmund am Tegernsee"]
[Date "2024.10.27"]
[Round "2.37"]
[White "Smits, Mark"]
[Black "Boehmer, Christian"]
[Result "1-0"]
[ECO "B03"]
[WhiteElo "2251"]
[BlackElo "2112"]
[Annotator "RC"]
[PlyCount "75"]
[EventDate "2024.09.16"]
[EventType "swiss"]
[EventCountry "GER"]
[SourceTitle "playchess.com"]
[Source "ChessBase"]
[SourceQuality "1"]
[TimeControl "40/5400+30:1800+30"]

1. e4 Nf6 2. e5 Nd5 3. d4 d6 4. c4 Nb6 5. exd6 exd6 6. Nc3 Be7 7. Be3 Nc6 8. Qf3 Be6 9. b3 d5 10. c5 Nc8 11. Nh3 Bf6 12. Rd1 Qd7 13. Be2 N8e7 14. Nf4 Rd8 15. Nh5 Ng8 16. g4 h6 17. h4 Kf8 18. g5 Be7 19. Nf4 Ke8 20. Rg1 Bf8 21. Bd3 Nge7 22. g6 f6 23. Nxe6 Qxe6 24. Kd2 Rd7 25. Rge1 Kd8 26. Ne2 Nb4 27. Nf4 Qc6 28. Bf1 b5 29. a3 Na6 30. b4 Nb8 31. a4 a6 32. axb5 axb5 33. Bh3 f5 34. Ra1 Qf6 35. Ra8 Kc8 36. h5 Kb7 37. Rea1 Nbc6 38. Qe2 1-0

[Event "27th OIBM 2024"]
[Site "Gmund am Tegernsee"]
[Date "2024.10.27"]
[Round "2.38"]
[White "Serbes, Gokay"]
[Black "Berry, Neil"]
[Result "0-1"]
[ECO "C68"]
[WhiteElo "2013"]
[BlackElo "2248"]
[Annotator "RC"]
[PlyCount "74"]
[EventDate "2024.09.16"]
[EventType "swiss"]
[EventCountry "GER"]
[SourceTitle "playchess.com"]
[Source "ChessBase"]
[SourceQuality "1"]
[TimeControl "40/5400+30:1800+30"]

1. e4 e5 2. Nf3 Nc6 3. Bb5 a6 4. Bxc6 dxc6 5. O-O Qf6 6. d4 exd4 7. Bg5 Qd6 8. Qxd4 Qxd4 9. Nxd4 Bd7 10. Nd2 Ne7 11. Rad1 c5 12. N4b3 Nc6 13. c3 Bg4 14. f3 Be6 15. Be3 b6 16. f4 f5 17. Nf3 Be7 18. Ng5 Bc4 19. Rfe1 h6 20. Nh3 fxe4 21. Nf2 Rd8 22. Rxd8+ Kxd8 23. Nxe4 Re8 24. Ned2 Be6 25. g3 a5 26. Bf2 Bf5 27. Nc4 a4 28. Nbd2 Kd7 29. Nf3 Bf6 30. Nce5+ Nxe5 31. fxe5 Be7 32. a3 Ke6 33. Be3 Rd8 34. Kg2 Be4 35. Bf4 Bc6 36. h4 g5 37. hxg5 hxg5 0-1

[Event "27th OIBM 2024"]
[Site "Gmund am Tegernsee"]
[Date "2024.10.27"]
[Round "2.39"]
[White "Jahnz, Fabian"]
[Black "Kannenberg, Karl-Heinz"]
[Result "1/2-1/2"]
[ECO "B12"]
[WhiteElo "2248"]
[BlackElo "2111"]
[Annotator "RC"]
[PlyCount "35"]
[EventDate "2024.09.16"]
[EventType "swiss"]
[EventCountry "GER"]
[SourceTitle "playchess.com"]
[Source "ChessBase"]
[SourceQuality "1"]
[TimeControl "40/5400+30:1800+30"]

1. e4 c6 2. d4 d5 3. e5 Bf5 4. h4 h5 5. Bd3 Bxd3 6. Qxd3 e6 7. Nf3 Qa5+ 8. Nbd2 Nd7 9. O-O c5 10. c4 cxd4 11. Qxd4 Ne7 12. Rd1 Nb6 13. Qd3 Qc5 14. b3 Nc6 15. cxd5 Qxd5 16. Qe2 Rd8 17. Bb2 Qd3 18. Qxd3 1/2-1/2

[Event "27th OIBM 2024"]
[Site "Gmund am Tegernsee"]
[Date "2024.10.27"]
[Round "2.40"]
[White "Hund, Sarah"]
[Black "Toktomushev, Teimur"]
[Result "1-0"]
[ECO "B22"]
[WhiteElo "2008"]
[BlackElo "2246"]
[Annotator "RC"]
[PlyCount "69"]
[EventDate "2024.09.16"]
[EventType "swiss"]
[EventCountry "GER"]
[SourceTitle "playchess.com"]
[Source "ChessBase"]
[SourceQuality "1"]
[TimeControl "40/5400+30:1800+30"]

1. e4 c5 2. c3 d5 3. exd5 Qxd5 4. d4 Nf6 5. Nf3 e6 6. Na3 Nc6 7. Be3 cxd4 8. Nb5 Qd7 9. Nbxd4 Be7 10. Nxc6 Qxc6 11. Ne5 Qd5 12. Qa4+ Nd7 13. Nf3 O-O 14. Rd1 Nc5 15. Qb5 Qf5 16. Be2 a6 17. Qb6 Na4 18. Qc7 Bf6 19. Bc1 Qc5 20. Qg3 e5 21. O-O Bf5 22. Nh4 Be6 23. Bd3 Bc4 24. Bh6 Bxd3 25. Rxd3 Rfd8 26. Rf3 Qb6 27. b3 Nc5 28. Be3 Kh8 29. b4 Qe6 30. Bxc5 b6 31. Be3 e4 32. Rxf6 gxf6 33. Qf4 Rac8 34. Bd4 Rc6 35. Nf5 1-0

[Event "27th OIBM 2024"]
[Site "Gmund am Tegernsee"]
[Date "2024.10.27"]
[Round "2.41"]
[White "Raupp, Thomas"]
[Black "Ramme, Christoph"]
[Result "1/2-1/2"]
[ECO "E20"]
[WhiteElo "2245"]
[BlackElo "2110"]
[Annotator "RC"]
[PlyCount "87"]
[EventDate "2024.09.16"]
[EventType "swiss"]
[EventCountry "GER"]
[SourceTitle "playchess.com"]
[Source "ChessBase"]
[SourceQuality "1"]
[TimeControl "40/5400+30:1800+30"]

1. d4 Nf6 2. c4 e6 3. Nc3 Bb4 4. f3 c5 5. d5 b5 6. e4 O-O 7. Nh3 bxc4 8. Bxc4 exd5 9. Bxd5 Nxd5 10. Qxd5 Ba6 11. Bf4 Nc6 12. Kf2 Ba5 13. Rhd1 Nb4 14. Qd6 Bb6 15. Na4 Nd3+ 16. Kg1 c4+ 17. Nxb6 Qxb6+ 18. Qxb6 axb6 19. Rd2 Bb7 20. Be3 b5 21. Nf2 Nxf2 22. Kxf2 Bc6 23. Bc5 Rfe8 24. Bd6 f6 25. a3 Kf7 26. Rad1 Kg6 27. g4 Rh8 28. Rg1 h5 29. h4 hxg4 30. Rxg4+ Kf7 31. Kg3 Rag8 32. Bb4 Rh5 33. Rd6 g5 34. hxg5 Rhxg5 35. Bc3 Rxg4+ 36. fxg4 Bxe4 37. Bxf6 Bc6 38. Kf4 Re8 39. Be5 Re6 40. Rd2 Kg6 41. g5 d6 42. Rxd6 Rxd6 43. Bxd6 Bd7 44. Be7 1/2-1/2

[Event "27th OIBM 2024"]
[Site "Gmund am Tegernsee"]
[Date "2024.10.27"]
[Round "2.42"]
[White "Langner, Robin"]
[Black "Schnepp, Gunnar"]
[Result "0-1"]
[ECO "A63"]
[WhiteElo "2006"]
[BlackElo "2243"]
[Annotator "RC"]
[PlyCount "60"]
[EventDate "2024.09.16"]
[EventType "swiss"]
[EventCountry "GER"]
[SourceTitle "playchess.com"]
[Source "ChessBase"]
[SourceQuality "1"]
[TimeControl "40/5400+30:1800+30"]

1. d4 Nf6 2. c4 e6 3. g3 c5 4. d5 exd5 5. cxd5 d6 6. Nc3 g6 7. Bg2 Bg7 8. Nf3 O-O 9. O-O a6 10. a4 Nbd7 11. Re1 Re8 12. e4 c4 13. Nd2 Ne5 14. Re3 Bd7 15. a5 Qc7 16. h3 Qc5 17. Na4 Qxa5 18. f4 Bxa4 19. Rxa4 Qc5 20. Qe2 Nd3 21. Rxc4 Nxc1 22. Qf2 Qb6 23. Rxc1 Qxb2 24. Rb1 Qd4 25. Rxb7 Nxd5 26. Ra3 Nc3 27. Bf1 Nxe4 28. Nxe4 Qxe4 29. Qg2 Qf5 30. Bc4 Qc5+ 0-1

[Event "27th OIBM 2024"]
[Site "Gmund am Tegernsee"]
[Date "2024.10.27"]
[Round "2.43"]
[White "Sajka, Mariusz"]
[Black "Jahnz, Laurin"]
[Result "1/2-1/2"]
[ECO "B42"]
[WhiteElo "2243"]
[BlackElo "2086"]
[Annotator "RC"]
[PlyCount "62"]
[EventDate "2024.09.16"]
[EventType "swiss"]
[EventCountry "GER"]
[SourceTitle "playchess.com"]
[Source "ChessBase"]
[SourceQuality "1"]
[TimeControl "40/5400+30:1800+30"]

1. e4 c5 2. Nf3 e6 3. d4 cxd4 4. Nxd4 a6 5. Bd3 Nf6 6. O-O Qc7 7. Qe2 d6 8. f4 g6 9. f5 Bg7 10. Kh1 O-O 11. Nc3 Nc6 12. Nxc6 Qxc6 13. Bg5 exf5 14. exf5 Nd5 15. Nxd5 Qxd5 16. Bc4 Qc5 17. Be7 Bxf5 18. Bxf8 Rxf8 19. c3 d5 20. Bd3 Be6 21. Rad1 b5 22. a3 b4 23. cxb4 Qd4 24. Bxg6 Qg4 25. Bd3 Qxe2 26. Bxe2 Bxb2 27. Rf3 Rc8 28. Bd3 Bxa3 29. Bxa6 Bxb4 30. Ra3 d4 31. Rxd4 Bxa3 1/2-1/2

[Event "27th OIBM 2024"]
[Site "Gmund am Tegernsee"]
[Date "2024.10.27"]
[Round "2.44"]
[White "Szajbely, Zsigmond"]
[Black "Braeunlin, Herbert"]
[Result "1-0"]
[ECO "B52"]
[WhiteElo "2240"]
[BlackElo "2010"]
[Annotator "RC"]
[PlyCount "47"]
[EventDate "2024.09.16"]
[EventType "swiss"]
[EventCountry "GER"]
[SourceTitle "playchess.com"]
[Source "ChessBase"]
[SourceQuality "1"]
[TimeControl "40/5400+30:1800+30"]

1. e4 c5 2. Nf3 d6 3. Bb5+ Bd7 4. Bxd7+ Qxd7 5. O-O Nc6 6. Re1 g6 7. c3 Bg7 8. d4 cxd4 9. cxd4 e6 10. Nc3 Nge7 11. Rb1 O-O 12. b4 Rac8 13. Qd3 d5 14. e5 f6 15. b5 Nd8 16. exf6 Bxf6 17. Bh6 Re8 18. Ne5 Qc7 19. Rbc1 Bxe5 20. dxe5 Qc4 21. Qd2 Qg4 22. Ne4 dxe4 23. Rxc8 Nd5 24. Qg5 1-0

[Event "27th OIBM 2024"]
[Site "Gmund am Tegernsee"]
[Date "2024.10.27"]
[Round "2.45"]
[White "Oyberman, Mikhail"]
[Black "Georgescu, Lena"]
[Result "0-1"]
[ECO "B51"]
[WhiteElo "2000"]
[BlackElo "2236"]
[Annotator "RC"]
[PlyCount "58"]
[EventDate "2024.09.16"]
[EventType "swiss"]
[EventCountry "GER"]
[SourceTitle "playchess.com"]
[Source "ChessBase"]
[SourceQuality "1"]
[TimeControl "40/5400+30:1800+30"]

1. e4 c5 2. Nf3 d6 3. Bb5+ Nd7 4. d4 cxd4 5. Nxd4 a6 6. Bd3 Ngf6 7. O-O g6 8. Nc3 Bg7 9. Bg5 Qb6 10. Nb3 Qc7 11. Qd2 b5 12. Rfe1 Bb7 13. a3 O-O 14. Bh6 Ne5 15. Bxg7 Kxg7 16. h3 Rac8 17. Nd4 h6 18. Re3 Qb6 19. Nde2 Nc4 20. Bxc4 Rxc4 21. Nd5 Bxd5 22. exd5 Re4 23. Nc3 Rxe3 24. Qxe3 Qxe3 25. fxe3 Rc8 26. Rd1 Nd7 27. Rd4 Nb6 28. Kf2 Nc4 29. Nd1 Nxb2 0-1

[Event "27th OIBM 2024"]
[Site "Gmund am Tegernsee"]
[Date "2024.10.27"]
[Round "2.46"]
[White "Acarbay, Algi"]
[Black "Zheng, Harry Z"]
[Result "0-1"]
[ECO "D00"]
[WhiteElo "1986"]
[BlackElo "2232"]
[Annotator "RC"]
[PlyCount "119"]
[EventDate "2024.09.16"]
[EventType "swiss"]
[EventCountry "GER"]
[SourceTitle "playchess.com"]
[Source "ChessBase"]
[SourceQuality "1"]
[TimeControl "40/5400+30:1800+30"]

1. d4 Nf6 2. Nc3 d5 3. Bf4 a6 4. e3 b5 5. a3 e6 6. b4 Nbd7 7. Nf3 Be7 8. Bd3 Bb7 9. Ne5 O-O 10. Qf3 Nxe5 11. dxe5 Nd7 12. Qh3 g6 13. Bh6 Re8 14. Qg3 Nxe5 15. Rd1 Bh4 16. Qxe5 Bf6 17. Qg3 Bxc3+ 18. Ke2 Qd6 19. Qg4 c5 20. bxc5 Qxc5 21. h4 e5 22. Kf1 e4 23. Be2 Qxa3 24. h5 Qe7 25. hxg6 fxg6 26. Qh3 Bc8 27. Qg3 Be5 28. Bf4 Bxf4 29. Qxf4 Rf8 30. Qh6 Be6 31. Rh4 Rf7 32. g3 Qf8 33. Qxf8+ Raxf8 34. Rf4 Rxf4 35. gxf4 Rc8 36. Ra1 Rc6 37. Ra5 Kf7 38. Ke1 Ke7 39. Kd2 Kd6 40. c3 Kc5 41. Ra1 Bf5 42. Kc2 h5 43. Rh1 Kb6 44. Kb3 a5 45. Rd1 Be6 46. Rd4 h4 47. Kb2 h3 48. Rd1 Rc7 49. Rh1 b4 50. cxb4 axb4 51. Bf1 Rh7 52. Be2 d4 53. exd4 Ra7 54. Bf1 Ra2+ 55. Kb1 Rxf2 56. Bxh3 Bc4 57. Rg1 Bd3+ 58. Kc1 b3 59. Rxg6+ Ka5 60. Rg5+ 0-1